 Dungeon Crawl Stone Soup version 0.20.1-1-g8b1a95d (webtiles) character file.

5313 arttle the Geomancer (level 10, -8/50 HPs)
             Began as a Gargoyle Earth Elementalist on Oct 21, 2017.
             Was a Priest of Vehumet.
             Mangled by an orc warrior
             ... wielding a +0 glaive
              (13 damage)
             ... on level 10 of the Dungeon.
             The game lasted 01:31:53 (11438 turns).

arttle the Geomancer (Gargoyle Earth Elementalist) Turns: 11438, Time: 01:31:54

Health: -8/50      AC: 16    Str: 12    XL:     10   Next: 64%
Magic:  0/17       EV: 14    Int: 19    God:    Vehumet [***...]
Gold:   578        SH:  0    Dex: 10    Spells: 5/18 levels left

rFire    . . .     SeeInvis .   I - +4 flail (protect)
rCold    . . .     Gourm    .   (no shield)
rNeg     + . .     Faith    .   o - +0 robe
rPois    ∞         Spirit   .   (no helmet)
rElec    +         Reflect  .   (no cloak)
rCorr    .         Harm     .   (no gloves)
MR       .....                  (no boots)
Stlth    ++++......             (no amulet)
Regen    0.2/turn               (no ring)
MPRegen  0.2/turn               (no ring)

@: protection aura
A: negative energy resistance 1, electricity resistance, unbreathing,
petrification resistance, rot immunity, AC +7
a: Renounce Religion


You were on level 10 of the Dungeon.
You worshipped Vehumet.
Vehumet was most pleased with you.
You were very hungry.

You visited 2 branches of the dungeon, and saw 11 of its levels.

You collected 578 gold pieces.

Inventory:

Hand Weapons
 z - a +0 club
 H - a +0 dire flail of pain
 I - a +4 flail of protection (weapon)
 Y - a +2 whip of venom
Missiles
 b - 180 stones (quivered)
Armour
 c - a +0 robe
 i - quicksilver dragon scales
 o - a +0 robe (worn)
 J - a +1 pair of boots
Magical Staves
 Q - an uncursed staff of summoning {unknown}
Jewellery
 p - an uncursed ring of protection from fire {unknown}
 u - a cursed amulet of rage {unknown}
 E - an uncursed amulet of magic regeneration {unknown}
 U - an uncursed ring of magical power {unknown}
Wands
 y - a wand of polymorph (17/24)
 B - a wand of enslavement (13/24)
 O - a wand of confusion (14/48)
 P - a wand of flame (19/48)
 V - a wand of acid (12/15)
 X - a wand of clouds (6/9)
 Z - a wand of confusion (22/48)
Scrolls
 a - 6 scrolls of teleportation {unknown}
 h - 6 scrolls of amnesia {unknown}
 j - 9 scrolls of remove curse {unknown}
 n - a scroll of fog {unknown}
 s - 5 scrolls of immolation {unknown}
 t - 9 scrolls of identify {unknown}
 v - 2 scrolls of recharging {unknown}
 w - a scroll of magic mapping {unknown}
 x - a scroll of noise {unknown}
 F - 4 scrolls of enchant weapon {unknown}
 N - a scroll of blinking {unknown}
 S - a scroll of torment {unknown}
 T - a scroll of enchant armour {unknown}
Potions
 f - 5 potions of curing {unknown}
 g - a potion of resistance {unknown}
 k - 3 potions of heal wounds {unknown}
 l - 3 potions of haste {unknown}
 m - 2 potions of degeneration {unknown}
 q - 2 potions of might {unknown}
 r - 5 potions of lignification {unknown}
 C - 2 potions of agility {unknown}
 G - a potion of magic {unknown}
 K - a potion of berserk rage {unknown}
 M - a potion of ambrosia {unknown}
Books
 e - a book of Geomancy

   Spells                             Type                      Level
   a - Sandblast                      Earth                        1
   b - Passwall                       Transmutation/Earth          2
   c - Stone Arrow                    Conjuration/Earth            3
   d - Petrify                        Transmutation/Earth          4
   e - Lee's Rapid Deconstruction     Earth                        5
 R - a book of Flames

   Spells                             Type                      Level
   a - Flame Tongue                   Conjuration/Fire             1
   b - Throw Flame                    Conjuration/Fire             2
   c - Conjure Flame                  Conjuration/Fire             3
   d - Inner Flame                    Hexes/Fire                   3
   e - Sticky Flame                   Conjuration/Fire             4
   f - Fireball                       Conjuration/Fire             5
Comestibles
 d - 5 bread rations
 A - 2 fruits
 D - 3 royal jellies
 L - a meat ration


   Skills:
 + Level 5.2 Dodging
 - Level 10.1 Stealth
 - Level 4.7 Spellcasting
 - Level 1.2 Conjurations
 - Level 3.0 Transmutations
 - Level 12.0 Earth Magic


You had 5 spell levels left.
You knew the following spells:

 Your Spells              Type           Power        Failure   Level  Hunger
a - Sandblast             Erth           ######       1%          1    None
b - Stone Arrow           Conj/Erth      ####..       1%          3    ###....
c - Petrify               Tmut/Erth      ####....     5%          4    ####...
d - Lee's Rapid Deconstr  Erth           ######....   1%          5    ######.


Dungeon Overview and Level Annotations

Branches:
Dungeon (10/15)            Temple (1/1) D:6            Lair (0/6) D:9
    Orc (0/2) D:10

Altars:
Ashenzari
Cheibriados
Dithmenos
Elyvilon
Fedhas
Gozag
Hepliaklqana
Kikubaaqudgha
Makhleb
Nemelex Xobeh
Okawaru
Qazlal
Ru
Sif Muna
Trog
Uskayaw
Vehumet
Xom
Yredelemnul
Zin
The Shining One
Beogh

Shops:
D:4 *   D:7 (


Innate Abilities, Weirdness & Mutations

You are resistant to torment.
Your stone body is resilient. (AC +7)
You are immune to poison.
You resist negative energy. (rN+)
You are resistant to electric shocks. (rElec)
You can survive without breathing.
You are immune to petrification.
You are immune to rotting.


Message History

The orc warrior barely misses you.
You hit the orc warrior.
The orc warrior is heavily wounded.
The orc warrior hits you but does no damage.
You hit the orc warrior.
The orc warrior is severely wounded.
The orc warrior closely misses you.
You closely miss the orc warrior.
The orc warrior is severely wounded.
The orc warrior hits you with a glaive!
* * * LOW HITPOINT WARNING * * *
Casting: Sandblast
Confirm with . or Enter, or press ? or * to list all spells.
Aiming: Sandblast
Press: ? - help, Shift-Dir - straight line, f/p - orc warrior
Aim: an orc warrior, wielding a glaive and wearing a chain mail (severely wounded)
The blast of sand misses the orc warrior.
b - 180 stones The orc warrior hits you with a glaive!
You die...

.#####.....≈≈≈≈≈......≈≈≈≈≈......
#######...o...........≈≈≈≈≈......
$#####(....o..........≈≈≈≈≈.)....
..###..)o..o.(........≈≈≈≈≈......
...#..)########.......≈≈≈≈≈..(...
......)8# #.................)
.......)# #)................#
.....>..' #)o..............##
........#o #)@#............###
.......8#.o #.###............##
.......## ## ######.... .......#
........ #######... ........
..#####.... ........ ....###.....
......#...... ..............
..............


You could see an orc warrior.

Vanquished Creatures
  A gargoyle (D:10)
  2 trolls (D:9)
  A hippogriff (D:7)
  A vampire (D:9)
  Eustachio (D:5)
  A hungry ghost (D:9)
  Edmund (D:5)
  4 orc warriors
  2 ogres
  4 sky beasts
  A phantom (D:6)
  3 necrophages
  A crocodile (D:9)
  3 centaurs
  A big kobold (D:10)
  3 bullfrogs
  6 killer bees (D:9)
  4 wights (D:10)
  4 electric eels (D:10)
  6 howler monkeys
  2 crimson imps
  3 hounds
  A jelly (D:9)
  A bullfrog zombie (D:6)
  5 orc priests
  6 orc wizards
  A bullfrog skeleton (D:9)
  A gnoll shaman (D:9)
  2 iguanas
  9 worker ants
  Robin (D:4)
  2 worker ant zombies
  7 gnolls
  14 adders
  3 shadow imps
  2 worms (D:2)
  3 dart slugs
  4 leopard geckos
  37 orcs
  4 ball pythons
  6 giant cockroaches
  15 goblins
  11 hobgoblins
  9 jackals
  7 kobolds
  4 quokkas
  6 bats
  5 frilled lizards
  A quokka skeleton (D:5)
  4 rats
226 creatures vanquished.

Vanquished Creatures (others)
  4 toadstools (D:1)
4 creatures vanquished.

Grand Total: 230 creatures vanquished

Notes
Turn   | Place    | Note
-------+----------+-------------------------------------------
     0 | D:1      | arttle the Gargoyle Earth Elementalist began the quest for the Orb.
     0 | D:1      | Reached XP level 1. HP: 10/10 MP: 3/3
   143 | D:1      | Reached XP level 2. HP: 15/15 MP: 1/5
   367 | D:1      | Reached skill level 4 in Earth Magic
   771 | D:2      | Reached XP level 3. HP: 19/19 MP: 4/7
   895 | D:2      | Reached XP level 4. HP: 24/24 MP: 4/8
   900 | D:2      | Learned a level 3 spell: Stone Arrow
   905 | D:2      | Learned a level 4 spell: Petrify
  1397 | D:2      | Reached skill level 5 in Earth Magic
  1852 | D:3      | Reached XP level 5. HP: 28/28 MP: 0/10
  2540 | D:3      | Found a glowing silver altar of Zin.
  2540 | D:3      | Found a bloodstained altar of Trog.
  2680 | D:4      | Noticed Robin
  3035 | D:4      | Killed Robin
  3148 | D:4      | Reached XP level 6. HP: 32/32 MP: 0/12
  3242 | D:4      | Reached skill level 6 in Earth Magic
  3382 | D:4      | Noticed Edmund
  3754 | D:5      | Entered Level 5 of the Dungeon
  3882 | D:5      | Reached skill level 1 in Conjurations
  4207 | D:5      | Noticed Eustachio
  4395 | D:4      | Found Seel's General Store.
  4560 | D:5      | Killed Edmund
  4560 | D:5      | Reached skill level 7 in Earth Magic
  4560 | D:5      | Reached XP level 7. HP: 36/36 MP: 1/14
  4936 | D:5      | Found a hazy altar of Hepliaklqana.
  4972 | D:5      | Killed Eustachio
  4972 | D:5      | Reached skill level 8 in Earth Magic
  5072 | D:5      | Learned a level 5 spell: Lee's Rapid Deconstruction
  5385 | D:6      | Found a white marble altar of Elyvilon.
  5618 | D:6      | Reached skill level 9 in Earth Magic
  5843 | D:6      | Reached XP level 8. HP: 41/41 MP: 7/15
  6308 | D:6      | Found a staircase to the Ecumenical Temple.
  6313 | Temple   | Entered the Ecumenical Temple
  6476 | Temple   | Became a worshipper of Vehumet
  6780 | D:7      | Reached skill level 10 in Earth Magic
  6933 | D:7      | Reached skill level 1 in Transmutations
  7569 | D:7      | Found Jenuag's Antique Weapon Emporium.
  7656 | D:7      | Noticed a hippogriff
  7672 | D:7      | Killed a hippogriff
  7672 | D:7      | Reached skill level 11 in Earth Magic
  7690 | D:7      | Reached * piety under Vehumet
  7690 | D:7      | Offered knowledge of Magic Dart by Vehumet.
  8284 | D:8      | Found a basalt altar of Yredelemnul.
  8369 | D:8      | Reached XP level 9. HP: 45/45 MP: 11/16
  8636 | D:8      | Found a white marble altar of Elyvilon.
  8951 | D:9      | Found a staircase to the Lair.
  8982 | D:9      | Reached skill level 12 in Earth Magic
  9055 | D:9      | Found a shimmering altar of Xom.
  9177 | D:9      | Noticed a troll
  9181 | D:9      | Killed a troll
  9181 | D:9      | Reached skill level 5 in Stealth
  9294 | D:9      | Found a roughly hewn altar of Beogh.
  9714 | D:9      | Offered knowledge of Sting by Vehumet.
  9788 | D:9      | Reached ** piety under Vehumet
  9829 | D:9      | Found a burning altar of Makhleb.
  9995 | D:9      | Noticed a troll
 10000 | D:9      | Killed a troll
 10016 | D:9      | Reached XP level 10. HP: 50/50 MP: 1/17
 10215 | D:9      | Found a sacrificial altar of Ru.
 10298 | D:9      | Reached skill level 10 in Stealth
 10460 | D:9      | Found a deep blue altar of Sif Muna.
 10542 | D:10     | Entered Level 10 of the Dungeon
 10693 | D:10     | Offered knowledge of Dazzling Spray by Vehumet.
 10873 | D:10     | Noticed a gargoyle
 10879 | D:10     | Killed a gargoyle
 10996 | D:10     | Found a blossoming altar of Fedhas.
 11079 | D:10     | Reached *** piety under Vehumet
 11375 | D:10     | Found a staircase to the Orcish Mines.
 11383 | D:10     | Reached skill level 5 in Dodging
 11418 | D:10     | Offered knowledge of Static Discharge by Vehumet.
 11438 | D:10     | Mangled by an orc warrior

Skill      XL: |  1  2  3  4  5  6  7  8  9 10 |
---------------+-------------------------------+-----
Earth Magic    | 4 5 7 9 11 12 | 12.0
Spellcasting   | 3 4 |  4.7
Conjurations   | 1 |  1.2
Transmutations | 3 |  3.0
Stealth        | 9 10 | 10.1
Dodging        | 5 |  5.2

Action                   |  1- 3 |  4- 6 |  7- 9 | 10-12 || total
-------------------------+-------+-------+-------+-------++-------
Melee: Dagger            |    27 |     2 |       |       ||    29
       Club              |       |     4 |       |       ||     4
       Flail             |       |       |    21 |    27 ||    48
 Cast: Sandblast         |    33 |    56 |    77 |    40 ||   206
       Stone Arrow       |       |    45 |    40 |    25 ||   110
       Petrify           |       |     5 |     3 |       ||     8
       Lee's Rapid Decon |       |       |    21 |    13 ||    34
 Stab: Petrified         |       |     4 |     2 |       ||     6
  Eat: Chunk             |       |    15 |    26 |     9 ||    50
       Fruit             |       |       |     2 |       ||     2
Armor: Robe              |    25 |     8 |     4 |    20 ||    57
Dodge: Dodged            |    18 |    15 |    31 |    61 ||   125
